AoeStats
← Juyhou

Arena

507480248Analyzed
4v4 RM · 15d ago on Sep 18, 2026· 18m 43s· 8 players
Game mode
Random Map
Map size
Large (8 player)
Population
200
Speed
Normal
Resources
Standard
Victory
Conquest
Starting age
Dark Age
Ending age
Imperial Age
RankedLock teamsTeams togetherTeam positionsShared explorationLock speedFull tech treeHidden civsTurbo modeCheats
Victory
Defeat
🇹🇼 Aztecs · Taiwan
1952
+5
🇹🇼 Gurjaras · Taiwan
1916
+6
🇹🇼 Wu · Taiwan
1908
+7
🇹🇼 Koreans · Taiwan
1650
+15
🇵🇪 Malay · Peru
1706
-9
🇫🇮 Wei · Finland
1694
-10
🇦🇷 Italians · Argentina
1658
-8
🇵🇱 Sicilians · Poland
1613
-6
Eugenius
10:48 Feudal Age
14:34 Castle Age
12:59 Horse Collar
13:37 Double-Bit Axe
18:01 Loom
Juyhou
8:24 Feudal Age
8:47 Horse Collar
8:52 Double-Bit Axe
9:51 Gold Mining
10:01 Stone Mining
17:11 Castle Age
18:03 Bow Saw
17:56 Heavy Plow
ForeveR
10:25 Feudal Age
14:28 Castle Age
12:38 Horse Collar
12:47 Double-Bit Axe
13:23 Horse Collar
15:27 Heavy Plow
17:11 Loom
倒挂着的树枝
8:57 Feudal Age
13:12 Castle Age
11:32 Double-Bit Axe
12:37 Horse Collar
14:44 Bow Saw
MaruZenSky
10:28 Feudal Age
14:03 Castle Age
12:00 Double-Bit Axe
13:33 Scale Mail Armor
14:13 Horse Collar
15:05 Gambesons
15:28 Squires
[LuB]夢夢
10:23 Feudal Age
11:37 Horse Collar
14:00 Castle Age
12:37 Double-Bit Axe
14:56 Bow Saw
15:52 Wheelbarrow
GKT_Cloud
10:51 Feudal Age
9:44 Loom
14:28 Castle Age
13:17 Double-Bit Axe
14:27 Fletching
[LuB]a61
9:17 Feudal Age
10:41 Loom
13:20 Castle Age
11:56 Double-Bit Axe
17:51 Bow Saw
17:21 Horse Collar
Connection lost

Rejoining the realm…

Still unreachable

The connection could not be restored.

Session expired

The server has moved on; the page needs a fresh start.